 Dungeon Crawl Stone Soup version 0.27.1-34-g3ba077fa99 (webtiles) character file.

Game seed: 15958739558398461627

1703 styxcanada the Covert (level 8, -6/40 HPs)
             Began as a Spriggan Brigand on Jan 11, 2022.
             Mangled by a wight (19 damage)
             ... on level 6 of the Dungeon.
             The game lasted 00:28:03 (7606 turns).

styxcanada the Covert (Spriggan Brigand)            Turns: 7606, Time: 00:28:04

Health: -6/40      AC:  4    Str:  7    XL:     8   Next: 73%
Magic:  14/14      EV: 19    Int: 13    God:
Gold:   560        SH:  0    Dex: 18    Spells: 11/14 levels left

rFire    + . .     SeeInvis +   l - +2 short sword (speed)
rCold    . . .     Faith    .   (shield restricted)
rNeg     . . .     Spirit   .   b - +0 robe
rPois    .         Reflect  .   (helmet restricted)
rElec    .         Harm     .   c - +1 cloak
rCorr    .         Rampage  .   (gloves unavailable)
Will     +....                  (boots unavailable)
Stlth    ++++++....             (no amulet)
HPRegen  0.13/turn              o - ring of Day {rF+ Stlth+}
MPRegen  0.14/turn              (no ring)

@: very quick
A: very small, no large weapons, unfitting armour, see invisible, speed 3
a: no special abilities


You were on level 6 of the Dungeon.
You visited 1 branch of the dungeon, and saw 6 of its levels.
You also visited: Ossuary.

You collected 560 gold pieces.

Inventory:

Hand Weapons
 a - a +2 dagger
 f - a +0 hunting sling
 l - a +2 short sword of speed (weapon)
 q - the +1 arbalest "Dragon's Doom" {penet, +Blink Str+4}
   (You found it on level 4 of the Dungeon)

   Any ammunition fired by it passes through the targets it hits, potentially
   hitting all targets in its path until it reaches maximum range.
   Str:       It affects your strength (+4).
   +Blink:    It lets you blink.
Missiles
 d - 19 poisoned darts (quivered)
 e - 7 curare-tipped darts
 g - 4 boomerangs
 h - 207 stones
 r - 25 arrows
 v - 34 sling bullets
Armour
 b - a +0 robe (worn)
 c - a +1 cloak (worn)
Magical Staves
 p - a staff of poison
Jewellery
 k - a ring of fire
 m - a ring of protection from fire
 o - the ring of Day (left hand) {rF+ Stlth+}
   (You found it on level 4 of the Dungeon)

   [ring of protection from fire]

   rF:        It protects you from fire.
   Stlth:     It makes you more stealthy.
Potions
 j - a potion of flight
 n - 2 potions of haste
 s - a potion of magic
 t - 2 potions of curing {unknown}
 u - a potion of berserk rage {unknown}
 w - a potion of brilliance {unknown}


   Skills:
 * Level 3.3 Fighting
 + Level 4.9 Short Blades
 + Level 3.8 Throwing
 * Level 4.7 Dodging
 * Level 10.3 Stealth
 * Level 3.5 Spellcasting
 * Level 2.0 Conjurations
 * Level 3.6 Hexes
 * Level 3.7 Evocations


You had 11 spell levels left.
You knew the following spells:

 Your Spells              Type           Power      Damage    Failure   Level
a - Dazzling Flash        Conj/Hex       18%        N/A       21%         3

Your spell library contained the following spells:

 Spells                   Type           Power      Damage    Failure   Level
 Sting                    Tmut/Pois      8%         1d3       22%         1
 Summon Small Mammal      Summ           8%         N/A       22%         1
 Summon Guardian Golem    Hex/Summ       7%         N/A       30%         3
 Poisonous Vapours        Pois/Air       4%         N/A       32%         2
 Call Canine Familiar     Summ           2%         N/A       54%         3
 Olgreb's Toxic Radiance  Pois           2%         N/A       91%         4
 Silence                  Hex/Air        3%         N/A       96%         5
 Agony                    Necr           2%         N/A       99%         5


Dungeon Overview and Level Annotations

Branches:
Dungeon (6/15)            Ossuary (visited)
 Temple: D:4-7

Altars:
Ashenzari
Elyvilon
Fedhas
Gozag
Ru
Sif Muna
Trog
Wu Jian
Zin

Shops:
D:6 *


Innate Abilities, Weirdness & Mutations

You are very small and have problems with some larger weapons.
You are too small for most types of armour.
You have supernaturally acute eyesight. (SInv)
You cover ground extremely quickly. (Speed+++)


Message History

Found 31 gold pieces.
You now have 309 gold pieces (gained 8).
You now have 318 gold pieces (gained 9).
You now have 329 gold pieces (gained 11).
You now have 345 gold pieces (gained 16).
You now have 354 gold pieces (gained 9).
You now have 365 gold pieces (gained 11).
You now have 381 gold pieces (gained 16).
You now have 401 gold pieces (gained 20).
You now have 416 gold pieces (gained 15).
You now have 425 gold pieces (gained 9).
You now have 440 gold pieces (gained 15).
You now have 452 gold pieces (gained 12).
You now have 469 gold pieces (gained 17).
You now have 479 gold pieces (gained 10).
You now have 492 gold pieces (gained 13).
You now have 498 gold pieces (gained 6).
You now have 511 gold pieces (gained 13).
You now have 519 gold pieces (gained 8).
You now have 540 gold pieces (gained 21).
You now have 546 gold pieces (gained 6).
You now have 560 gold pieces (gained 14).
There is a gate leading back out of this place here.
Welcome back to the Dungeon!
There is a collapsed entrance here.
You start waiting.
Done waiting.
There is an open door here.
You closely miss the wight. The wight hits you with a +0 battleaxe!
You barely miss the wight. The wight closely misses you.
You hit the wight but do no damage. The wight barely misses you.
You hit the wight but do no damage. The wight closely misses you.
The wight completely misses you. The wight misses you.
You barely miss the wight. The wight hits you but does no damage.
You hit the wight.
The wight is lightly damaged.
The wight hits you with a +0 great sword!
The wight misses you.
The wight hits you with a +4 battleaxe!!
You die...

.# ####### ..# .###..<..# #..####
.........## #....##### #
z.........# #.......#### ###.
#.z.[.....# #..........######..#
..........####..................#
(z.......$...#..............##...
...............zzz...........#...
...........#...z@......^.....##..
...........###..............###..
...........# ##............## ##.
...........# #...........## #.
...........# #..........## ##
...........# #.........## ### #
...........# ##.......## ##.# #
∩.........## #.##..### ##..## #
.......#### #.##### ##....##


You could see 4 wights.

Vanquished Creatures
  A two-headed ogre (D:5)
  A shadow (D:5)
  An ice beast (D:5)
  Blork the orc (D:6)
  2 elf zombies (Ossuary)
  2 scorpions
  A water moccasin skeleton (D:6)
  2 hounds (D:5)
  A human zombie (Ossuary)
  Jessica (D:3)
  An orc wizard (D:4)
  2 iguanas (D:5)
  A killer bee zombie (D:5)
  2 mummies (Ossuary)
  A hound skeleton (D:5)
  A howler monkey zombie (D:6)
  A gnoll (D:1)
  8 adders
  2 adder skeletons
  2 worms (D:2)
  3 dart slugs
  9 orcs
  9 bats
  9 endoplasms
  4 giant cockroaches
  6 gnoll zombies (Ossuary)
  8 goblins
  7 hobgoblins
  2 jackals (D:1)
  10 quokkas
  10 ball pythons
  5 frilled lizards
  7 kobolds
  5 orc zombies (Ossuary)
  11 rats
139 creatures vanquished.

Vanquished Creatures (collateral kills)
  An orc (D:5)
1 creature vanquished.

Vanquished Creatures (others)
  A howler monkey zombie (D:6)
1 creature vanquished.

Grand Total: 141 creatures vanquished

Notes
Turn   | Place    | Note
-------+----------+-------------------------------------------
     0 | D:1      | styxcanada the Spriggan Brigand began the quest for the
                  | Orb.
     0 | D:1      | Reached XP level 1. HP: 10/10 MP: 2/2
    26 | D:1      | Found a faded altar of an unknown god.
    38 | D:1      | Reached skill level 6 in Stealth
   208 | D:1      | Reached XP level 2. HP: 15/15 MP: 3/3
   309 | D:1      | Reached skill level 7 in Stealth
   452 | D:1      | Reached XP level 3. HP: 17/18 MP: 4/4
  1718 | D:2      | Reached XP level 4. HP: 23/23 MP: 5/5
  2816 | D:3      | Found a white marble altar of Elyvilon.
  2833 | D:3      | Found a shimmering blue altar of Sif Muna.
  2833 | D:3      | Found a sacrificial altar of Ru.
  2834 | D:3      | Found an opulent altar of Gozag.
  2838 | D:3      | Found a bloodstained altar of Trog.
  3085 | D:3      | Reached skill level 8 in Stealth
  3385 | D:3      | Reached XP level 5. HP: 26/26 MP: 6/6
  3388 | D:3      | Noticed Jessica
  3392 | D:3      | Learned a level 3 spell: Dazzling Flash
  3415 | D:3      | Killed Jessica
  3902 | D:4      | Identified the ring of Day {rF+ Stlth+}
  3966 | D:4      | Reached skill level 1 in Spellcasting
  4400 | D:4      | Reached skill level 1 in Evocations
  4402 | D:4      | Identified the +1 arbalest "Dragon's Doom" {penet, +Blink
                  | Str+4}
  4443 | D:4      | Reached skill level 9 in Stealth
  4490 | D:4      | Reached XP level 6. HP: 30/30 MP: 8/8
  4858 | D:5      | Entered Level 5 of the Dungeon
  4916 | D:5      | Reached skill level 1 in Hexes
  4984 | D:5      | Noticed a two-headed ogre
  5280 | D:5      | Killed a two-headed ogre
  5281 | D:5      | Reached skill level 1 in Conjurations
  5281 | D:5      | Reached XP level 7. HP: 11/35 MP: 9/12
  5281 | D:5      | Reached XP level 8. HP: 13/39 MP: 9/13
  6065 | D:5      | Found a blossoming altar of Fedhas.
  6067 | D:5      | Found a broken altar of Ashenzari.
  6176 | D:5      | Reached skill level 10 in Stealth
  6284 | D:6      | Noticed Blork the orc
  6359 | D:6      | Killed Blork the orc
  6738 | D:6      | Found Wistemaw's Assorted Antiques.
  6826 | D:6      | Found a glowing silver altar of Zin.
  6879 | D:6      | Found an ornate altar of the Wu Jian Council.
  7018 | D:6      | Found a sand-covered staircase.
  7023 | Ossuary  | Entered an ossuary
  7606 | D:6      | Mangled by a wight

Illustrated notes

Levels and vault maps discovered:
D:1:      dpeg_arrival_rooms_c, layout_basic,
          dreamdust_ecumenical_altar_statues, chequers_serial_rivers_large_a
D:2:      minmay_razor_zed, layout_loops_ring, st_stairs_2,
          kennysheep_cross_room, corexii_item_surrounded_by_moat,
          amcnicky_mini_pool_small
D:3:      layout_loops_corners, minitemple, uniq_jessica
D:4:      layout_cave_pods, minmay_misc_feat_square, grunt_decor_one_mirror
D:5:      minmay_clustersquares, layout_cave_pools,
          chequers_temple_overflow_statue_of_worship
D:6:      layout_cave_pods, mainiacjoe_overflow_brackets, serial_shops, shop,
          nicolae_ossuary_entry_plus, hangedman_feature_mirror,
          uniq_blork_the_orc

Skill      XL: |  1  2  3  4  5  6  7  8 |
---------------+-------------------------+-----
Stealth        | 6 7 8 9 10 | 10.3
Fighting       | 2 3 |  3.3
Dodging        | 2 4 |  4.7
Spellcasting   | 1 2 3 |  3.5
Short Blades   | 3 4 |  4.9
Evocations     | 1 3 |  3.7
Hexes          | 2 3 |  3.6
Throwing       | 3 |  3.8
Conjurations   | 1 2 |  2.0

Action                   |  1- 3 |  4- 6 |  7- 9 || total
-------------------------+-------+-------+-------++-------
Melee: Dagger            |   128 |    49 |       ||   177
       Short sword       |       |   123 |   159 ||   282
 Fire: Hunting sling     |       |     2 |       ||     2
Throw: Dart              |    11 |    52 |    17 ||    80
Evoke: Wand              |       |     4 |     2 ||     6
  Use: Scroll            |     3 |     2 |     4 ||     9
       Potion            |       |     1 |     2 ||     3
 Stab: Sleeping          |    14 |    30 |     6 ||    50
       Distracted        |       |     1 |     2 ||     3
       Invisible         |       |       |     9 ||     9
Armor: Robe              |    13 |    12 |    10 ||    35
Dodge: Dodged            |    83 |    88 |    81 ||   252
